 Dungeon Crawl Stone Soup version 0.25.1-8-g42b30a86e7 (webtiles) character file.

Game seed: 14181363853707081746

63 Descartes the Ducker (level 3, 0/18 HPs)
             Began as a Felid Monk on Dec 22, 2020.
             Slain by Robin
             ... wielding a +0 trident of freezing
              (4 damage)
             ... on level 3 of the Dungeon.
             The game lasted 00:03:28 (3712 turns).

Descartes the Ducker (Felid Monk)                   Turns: 3712, Time: 00:03:29

Health: 0/18       AC:  1    Str:  8    XL:     3   Next: 87%
Magic:  4/4        EV: 21    Int: 11    God:
Gold:   115        SH:  0    Dex: 18    Spells: 2/2 levels left
                                        Lives:  0   Deaths: 1

rFire    . . .     SeeInvis +     - Unarmed
rCold    . . .     Gourm    .   (shield unavailable)
rNeg     . . .     Faith    .   (armour unavailable)
rPois    .         Spirit   .   (helmet unavailable)
rElec    .         Reflect  .   (cloak unavailable)
rCorr    .         Harm     .   (gloves unavailable)
MR       .....                  (boots unavailable)
Stlth    +++.......             (no amulet)
HPRegen  0.06/turn              (no ring)
MPRegen  0.09/turn              (no ring)

@: quick
A: very small, no armour, no weapons or thrown items, stealth, claws 1, fangs 3,
see invisible, carnivore, speed 1, shaggy fur 1, slow metabolism 1, sharp paws
a: no special abilities


You were on level 3 of the Dungeon.
You were completely stuffed.

You visited 1 branch of the dungeon, and saw 3 of its levels.

You collected 115 gold pieces.

Inventory:

Missiles
 b - 28 arrows
 c - 114 stones
Scrolls
 e - a scroll of fog {unknown}
 f - a scroll of enchant armour {unknown}
 g - 3 scrolls of noise {unknown}
 j - 2 scrolls of remove curse {unknown}
 l - a scroll of fear {unknown}
 m - a scroll of identify
 o - a scroll of teleportation {unknown}
Potions
 d - 5 potions of curing
 h - a potion of might
 i - a potion of lignification
 k - 3 potions of heal wounds
 n - a potion of invisibility {unknown}
Comestibles
 a - 6 rations


   Skills:
 + Level 3.8 Fighting
 + Level 5.0 Dodging
 + Level 4.2 Stealth
 + Level 3.7 Unarmed Combat


You had 2 spell levels left.
You didn't know any spells.
Your spell library was empty.

Dungeon Overview and Level Annotations

Branches:
Dungeon (3/15)

Altars:

Annotations:
D:3 Robin


Innate Abilities, Weirdness & Mutations

You cannot wear armour.
You are incapable of wielding weapons or throwing items.
Your paws allow you to move quietly. (Stealth)
You have sharp claws.
You have razor-sharp teeth.
You have supernaturally acute eyesight. (SInv)
You are carnivorous and can eat meat at any time.
You cover ground quickly.
You are covered in fur. (AC +1)
You have a slow metabolism.
Your sharp claws are effective at attacking unaware monsters.


Message History

The goblin hits you.
You scratch the goblin.
You kill the goblin!
Robin throws the goblin at you!
* * * LOW HITPOINT WARNING * * *
The goblin completely misses you.
You scratch the goblin.
You kill the goblin!
Robin throws the goblin at you!
* * * LOW HITPOINT WARNING * * *
The goblin barely misses you.
You scratch the goblin.
The goblin is heavily wounded.
The goblin completely misses you.
You closely miss the goblin.
The goblin is heavily wounded.
You scratch the goblin.
You kill the goblin!
Robin hits you from afar with a +0 trident of freezing.
You die...

#### ...# ##### ...#### #...#
......# #...#
......#############...###########
...........)).g.@†'...'......)÷..
........###########...###########
g....g..# #...#### #.# ........#
#......# #.. ........# #......#
#.. #.......# ###....# #..
#.......# #....# #.. ......###
#....# #.. ......# ####....###
#.#


You could see Robin.

Vanquished Creatures
  4 adders
  2 worms (D:2)
  2 dart slugs
  An orc (D:3)
  5 giant cockroaches
  20 goblins
  6 hobgoblins
  2 jackals (D:3)
  3 kobolds
  3 ball pythons (D:1)
  5 bats
  4 frilled lizards
  11 rats
68 creatures vanquished.

Notes
Turn   | Place    | Note
-------+----------+-------------------------------------------
     0 | D:1      | Descartes the Felid Monk began the quest for the Orb.
     0 | D:1      | Reached XP level 1. HP: 10/10 MP: 2/2
   273 | D:1      | Reached XP level 2. HP: 9/14 MP: 3/3
  1374 | D:1      | Reached XP level 3. HP: 17/17 MP: 4/4
  2291 | D:2      | Reached XP level 4. HP: 11/21 MP: 5/5
  3305 | D:3      | Noticed Robin
  3310 | D:3      | Slain by a goblin
  3311 | D:3      | Reached XP level 3. HP: -5/18 MP: 4/4
  3424 | D:3      | Reached skill level 5 in Dodging
  3712 | D:3      | Slain by Robin

Illustrated notes

Levels and vault maps discovered:
D:1:      dpeg_arrival_boxes_within_box, layout_basic
D:2:      kb_forest_paths, layout_loops_ring, first_ration
D:3:      layout_basic, marbit_many_paths, minmay_misc_feat_tiny, uniq_robin

Skill      XL: |  1  2  3  4 |
---------------+-------------+-----
Stealth        | 3 4 |  4.2
Dodging        | 5 |  5.0
Fighting       | |  3.8
Unarmed Combat | |  3.7

Action                   |  1- 3 |  4- 6 || total
-------------------------+-------+-------++-------
Melee: Unarmed           |   131 |    35 ||   166
       Bite              |    10 |     1 ||    11
  Use: Scroll            |       |     4 ||     4
 Stab: Sleeping          |    11 |     4 ||    15
  Eat: Chunk             |    16 |     2 ||    18
Armor: Skin              |     3 |       ||     3
Dodge: Dodged            |    97 |    32 ||   129
